 Dungeon Crawl Stone Soup version 0.30.0-29-ga12c61a403 (webtiles) character file.

Game seed: 10795992396945139106

1458 Cheops the Covert (level 8, -2/60 HPs)
             Began as an Armataur Earth Elementalist on June 16, 2023.
             Was a Believer of Uskayaw.
             Slain by Prince Ribbit (5 damage)
             ... on level 7 of the Dungeon.
             The game lasted 00:18:45 (6841 turns).

Cheops the Covert (Armataur Earth Elementalist)     Turns: 6841, Time: 00:18:46

Health: -2/60      AC:  7    Str: 14    XL:     8   Next: 47%
Magic:  1/12       EV:  9    Int: 23    God:    Uskayaw [**....]
Gold:   327        SH:  0    Dex: 11    Spells: 7/13 levels left

rFire   . . .        a - +2 dagger (elec)
rCold   . . .        (no shield)
rNeg    . . .        h - +0 robe
rPois   .            (no helmet)
rElec   .            (no cloak)
rCorr   .            y - +2 pair of gloves
SInv    .            (no barding)
Will    .....        n - amulet of magic regeneration
Stlth   ++++         q - +6 ring of intelligence
HPRegen 0.30/turn    (no ring)
MPRegen 0.53/turn

%: roll
@: very slightly contaminated
A: large, rugged brown scales 3, deformed body, armoured tail, roll, long
tongue, awkward tongue
a: Renounce Religion, Stomp, Line Pass


You were on level 7 of the Dungeon.
You worshipped Uskayaw.
Uskayaw was noncommittal.
You visited 2 branches of the dungeon, and saw 8 of its levels.

You collected 327 gold pieces.

Inventory:

Hand Weapons
 a - a +2 dagger of electrocution (weapon)
Armour
 h - a +0 robe (worn)
 y - a +2 pair of gloves (worn)
 D - a +0 buckler
Jewellery
 n - an amulet of magic regeneration (around neck)
 q - a +6 ring of intelligence (left hand)
 w - an amulet of reflection
Wands
 C - a wand of iceblast (10)
Scrolls
 c - a scroll of poison {unknown}
 g - 3 scrolls of vulnerability {unknown}
 l - 2 scrolls of immolation {unknown}
 m - a scroll of magic mapping {unknown}
 o - 2 scrolls of fear {unknown}
 r - a scroll of enchant weapon {unknown}
 t - 4 scrolls of teleportation {unknown}
 v - a scroll of enchant armour {unknown}
 x - a scroll of blinking {unknown}
 A - a scroll of fog {unknown}
 B - a scroll of amnesia {unknown}
 E - a scroll of noise {unknown}
Potions
 b - 2 potions of magic
 d - 2 potions of cancellation {unknown}
 e - 6 potions of curing {unknown}
 f - 2 potions of resistance {unknown}
 i - 2 potions of degeneration {unknown}
 j - a potion of lignification
 k - 2 potions of mutation {unknown}
 p - 2 potions of attraction {unknown}
 s - 2 potions of flight
 u - a potion of heal wounds
 z - a potion of ambrosia


   Skills:
 - Level 2.0 Short Blades
 - Level 1.3 Dodging
 + Level 9.0 Stealth
 - Level 3.0 Spellcasting
 - Level 4.0 Conjurations
 - Level 0.8 Transmutations
 - Level 5.0 Earth Magic


You had 7 spell levels left.
You knew the following spells:

 Your Spells              Type           Power      Damage    Failure   Level
a - Sandblast             Erth           52%        2d12      1%          1
b - Stone Arrow           Conj/Erth      48%        3d10      5%          3
P - Passwall              Tmut/Erth      13%        N/A       5%          2

Your spell library contained the following spells:

 Spells                   Type           Power      Damage    Failure   Level
 Beastly Appendage        Tmut           14%        N/A       9%          1
 Wereblood                Tmut           7%         N/A       12%         2
 Blink                    Tloc           6%         N/A       17%         2
 Ensorcelled Hibernation  Hex/Ice        6%         N/A       17%         2
 Spider Form              Tmut/Pois      5%         N/A       28%         3
 Gell's Gravitas          Tloc           3%         N/A       34%         3
 Swiftness                Air            3%         N/A       34%         3
 Teleport Other           Tloc           3%         N/A       34%         3
 Petrify                  Tmut/Erth      16%        N/A       34%         4
 Manifold Assault         Tloc           3%         N/A       75%         4
 Dispersal                Tloc           1%         N/A       100%        6
 Storm Form               Tmut/Air       2%         N/A       100%        7


Dungeon Overview and Level Annotations

Branches:
Dungeon (7/15)             Temple (1/1) D:5

Altars:
Ashenzari
Cheibriados
Dithmenos
Fedhas
Gozag
Kikubaaqudgha
Makhleb
Nemelex Xobeh
Qazlal
Ru
Sif Muna
Trog
Uskayaw
Vehumet
Wu Jian
Xom
Yredelemnul
Zin
The Shining One

Annotations:
D:3 3 runed translucent doors, mkat's ghost, amateur DsBr
D:7 Prince Ribbit


Innate Abilities, Weirdness & Mutations

You are completely covered in rugged brown scales. (AC +3, +7% HP)
Armour fits poorly on your strangely shaped body.
You have a long armoured tail.
You roll when moving toward enemies. (Rampage)
Your long tongue fully drains potion bottles. (2x potion effects)
Your tongue gives you trouble enunciating. (1.5x scroll delay)


Message History

Casting: Stone Arrow (dangerous; 5% risk of failure)
Confirm with . or Enter, or press ? or * to list all spells.
Aiming: Stone Arrow (dangerous; 5% risk of failure)
Press: ? - help, Shift-Dir - straight line, f/p - Prince Ribbit
Aim: Prince Ribbit (lightly wounded, 50% to hit)
The stone arrow hits Prince Ribbit!
Prince Ribbit is moderately wounded.
Prince Ribbit hits you. Prince Ribbit hits you!
Casting: Stone Arrow (dangerous; 5% risk of failure)
Confirm with . or Enter, or press ? or * to list all spells.
Aiming: Stone Arrow (dangerous; 5% risk of failure)
Press: ? - help, Shift-Dir - straight line, f/p - Prince Ribbit
Aim: Prince Ribbit (moderately wounded, 50% to hit)
The stone arrow misses Prince Ribbit.
Prince Ribbit hits you!
Casting: Stone Arrow (dangerous; 5% risk of failure)
Confirm with . or Enter, or press ? or * to list all spells.
You don't have enough magic to cast this spell.
Casting: Stone Arrow (dangerous; 5% risk of failure)
Confirm with . or Enter, or press ? or * to list all spells.
Aiming: Sandblast (safe; 1% risk of failure)
Press: ? - help, Shift-Dir - straight line, f/p - Prince Ribbit
Aim: Prince Ribbit (moderately wounded, 70% to hit)
The blast of sand hits Prince Ribbit!
Prince Ribbit is heavily wounded.
Prince Ribbit hits you!
* * * LOW HITPOINT WARNING * * *
Prince Ribbit hits you!
* * * LOW HITPOINT WARNING * * *
You can now pass through a line of other dancers.
Casting: Sandblast (safe; 1% risk of failure)
Confirm with . or Enter, or press ? or * to list all spells.
Aiming: Sandblast (safe; 1% risk of failure)
Press: ? - help, Shift-Dir - straight line, f/p - Prince Ribbit
Aim: Prince Ribbit (heavily wounded, 70% to hit)
The blast of sand hits Prince Ribbit!
Prince Ribbit is almost dead.
Prince Ribbit hits you!
* * * LOW HITPOINT WARNING * * *
Prince Ribbit hits you.
You die...

.# .# .# #
##.######
#.#........
#.#........
#...F......
#@# #.#
#.#.##
####.####
#.#...
....>..<.
#.#..#.#
####..#.#
#.#..#.#
.... ...
#.#..#.#
#### #..#
#.#..#.#
#...
#.#..#.#
##..


You could see Prince Ribbit.

Vanquished Creatures
  2 water moccasins
  An ice beast (D:7)
  A sky beast (D:5)
  An ogre (D:5)
  A gnoll sergeant (D:6)
  A scorpion (D:6)
  3 wights (D:7)
  A crimson imp (D:3)
  3 jellies
  A hound (D:3)
  An orc priest (D:6)
  An iguana (D:5)
  A gnoll bouda (D:7)
  4 orc wizards (D:5)
  13 gnolls
  8 adders
  A shadow imp (D:5)
  5 ufetubi
  A worm (D:2)
  7 dart slugs
  11 orcs
  13 ball pythons
  11 endoplasms
  6 giant cockroaches
  8 hobgoblins
  5 kobolds
  A quokka (D:4)
  8 bats
  5 frilled lizards (D:1)
  3 goblins (D:1)
  4 goblin zombies (D:3)
  3 hobgoblin zombies (D:3)
  2 orc skeletons (D:3)
  7 rats
144 creatures vanquished.

Notes
Turn   | Place    | Note
-------+----------+-------------------------------------------
     0 | D:1      | Cheops the Armataur Earth Elementalist began the quest for
                  | the Orb.
     0 | D:1      | Reached XP level 1. HP: 14/14 MP: 3/3
    88 | D:1      | Reached XP level 2. HP: 16/21 MP: 0/5
   865 | D:1      | Reached XP level 3. HP: 27/27 MP: 4/6
   868 | D:1      | Learned a level 2 spell: Passwall
   872 | D:1      | Learned a level 3 spell: Stone Arrow
  1349 | D:2      | Found an ornate altar of the Wu Jian Council.
  1354 | D:2      | Reached skill level 3 in Stealth
  2338 | D:2      | Reached XP level 4. HP: 35/35 MP: 5/7
  2697 | D:3      | Found a glowing golden altar of the Shining One.
  2933 | D:3      | Reached XP level 5. HP: 40/40 MP: 6/8
  3120 | D:3      | Reached skill level 1 in Short Blades
  3120 | D:3      | Reached skill level 4 in Stealth
  3157 | D:3      | Found a runed translucent gate.
  3158 | D:3      | Found a runed translucent gate.
  3159 | D:3      | Identified the +8 spear of Qiwuxusk {spect, rC+ Str+4}
  3159 | D:3      | Noticed mkat's ghost (amateur DsBr)
  3160 | D:3      | Found a runed translucent gate.
  3598 | D:4      | Found a sparkling altar of Nemelex Xobeh.
  3785 | D:4      | Found a sacrificial altar of Ru.
  3818 | D:4      | Found a shimmering blue altar of Sif Muna.
  4153 | D:5      | Entered Level 5 of the Dungeon
  4267 | D:5      | Found a staircase to the Ecumenical Temple.
  4279 | Temple   | Entered the Ecumenical Temple
  4338 | Temple   | Became a worshipper of Uskayaw the Reveller
  4452 | D:5      | Reached XP level 6. HP: 42/48 MP: 7/9
  4452 | D:5      | Reached * piety under Uskayaw
  4498 | D:5      | Found a stormy altar of Qazlal.
  4545 | D:5      | Reached ** piety under Uskayaw
  4577 | D:5      | Reached skill level 1 in Conjurations
  4577 | D:5      | Reached skill level 5 in Earth Magic
  4600 | D:5      | Noticed a water moccasin
  4630 | D:5      | Killed a water moccasin
  4630 | D:5      | Reached *** piety under Uskayaw
  4631 | D:5      | Reached skill level 5 in Stealth
  4640 | D:5      | Found an ancient bone altar of Kikubaaqudgha.
  4697 | D:5      | Reached XP level 7. HP: 53/53 MP: 8/10
  4833 | D:5      | Reached **** piety under Uskayaw
  5265 | D:6      | Reached skill level 6 in Stealth
  6027 | D:6      | Reached skill level 7 in Stealth
  6201 | D:5      | Reached XP level 8. HP: 60/60 MP: 9/11
  6549 | D:7      | Reached skill level 8 in Stealth
  6731 | D:7      | Reached skill level 9 in Stealth
  6835 | D:7      | Noticed Prince Ribbit
  6841 | D:7      | HP: 3/60 [Prince Ribbit (12)]
  6841 | D:7      | Slain by Prince Ribbit

Illustrated notes

Levels and vault maps discovered:
D:1:      dpeg_arrival_pits, layout_basic, serial_bayou_pond_b
D:2:      layout_loops_corners, basic_altar, serial_co_window_serial,
          co_window_paths_b, co_window_cross_1, co_window_corner_a,
          co_window_paths_a, co_window_corner_a, co_window_broadway_c,
          co_window_of_opportunity_c, co_window_unsneaky_path_e,
          co_window_corner_cb, glass_columns_a, glass_columns_a,
          glass_columns_b, glass_columns_a, glass_columns_a,
          minmay_shallow_snake_nest
D:3:      layout_loops_ring, nicolae_tso_besieged_by_evil,
          biasface_ghost_orc_armoury, serial_aquarium, aquarium_bridge_straight
          [aquarium_subvault_bridge, aquarium_subvault_window,
          aquarium_subvault_bridge, aquarium_subvault_wall], aquarium_window_1,
          aquarium_window_corridor_3, aquarium_window_1, aquarium_view_2c,
          aquarium_pool_2
D:4:      layout_loops_ring, nemelex_xobeh_ov_fountains_minmay,
          mainiacjoe_overflow_boulevard, kennysheep_mini_moat
D:5:      layout_basic, nicolae_qazlal_scattered_showers,
          nicolae_kikubaaqudgha_miasma_corner, minmay_temple_entry_mini_moons,
          hangedman_abyss_or_decor_stabs, nicolae_zen_rock_garden
D:6:      layout_loops_ring
D:7:      layout_basic, nicolae_hepliaklqana_hazy_memory, minmay_fountain_box,
          uniq_crazy_yiuf_cottage, uniq_prince_ribbit1
Temple:   cyrus_circular_temple

Skill      XL: |  1  2  3  4  5  6  7  8 |
---------------+-------------------------+-----
Spellcasting   | 2 3 |  3.0
Earth Magic    | 3 4 5 |  5.0
Stealth        | 3 4 5 7 9 |  9.0
Short Blades   | 1 2 |  2.0
Conjurations   | 2 4 |  4.0
Dodging        | |  1.3
Transmutations | |  0.8

Action                     |  1- 3 |  4- 6 |  7- 9 || total
---------------------------+-------+-------+-------++-------
  Melee: Unarmed           |    21 |       |       ||    21
         Tailslap          |     1 |       |       ||     1
         Punch             |     1 |       |       ||     1
         Dagger            |     2 |     3 |     6 ||    11
   Cast: Sandblast         |    64 |    81 |    67 ||   212
         Passwall          |       |     1 |     2 ||     3
         Stone Arrow       |       |       |    13 ||    13
 Invoke: Line Pass         |       |     1 |       ||     1
  Evoke: Wand              |       |       |     1 ||     1
    Use: Scroll            |       |       |     4 ||     4
   Stab: Confused          |       |     1 |       ||     1
         Paralysed         |       |       |     3 ||     3
         Sleeping          |       |       |     1 ||     1
 Armour: Robe              |    22 |    12 |    14 ||    48
  Dodge: Dodged            |    17 |    18 |    16 ||    51
